 Dungeon Crawl Stone Soup version 0.27.1-33-g824d729ab1 (webtiles) character file.

Game seed: 10838694020727987410

178 lordive the Shooter (level 5, -7/31 HPs)
             Began as a Tengu Hunter on Dec 27, 2021.
             Mangled by a gnoll (9 damage)
             ... on level 4 of the Dungeon.
             The game lasted 00:04:15 (3535 turns).

lordive the Shooter (Tengu Hunter)                  Turns: 3535, Time: 00:04:16

Health: -7/31      AC:  3    Str: 14    XL:     5   Next: 58%
Magic:  6/6        EV: 14    Int: 11    God:
Gold:   211        SH:  0    Dex: 14    Spells: 4/4 levels left

rFire    . . .     SeeInvis .   a - +1 shortbow
rCold    . . .     Faith    .   (shield currently unavailable)
rNeg     . . .     Spirit   .   c - +0 leather armour
rPois    .         Reflect  .   (helmet restricted)
rElec    .         Harm     .   (no cloak)
rCorr    .         Rampage  .   (no gloves)
Will     .....                  (boots unavailable)
Stlth    ++........             (no amulet)
HPRegen  0.10/turn              (no ring)
MPRegen  0.10/turn              (no ring)

@: flying quickly and evasively, quick
A: beak, talons 3, nimble flight
a: no special abilities


You were on level 4 of the Dungeon.
You visited 1 branch of the dungeon, and saw 4 of its levels.

You collected 222 gold pieces.
You spent 11 gold pieces at shops.

Inventory:

Hand Weapons
 a - a +1 shortbow (weapon)
 b - a +0 short sword
Missiles
 d - 2 arrows (quivered ammo)
Armour
 c - a +0 leather armour (worn)
Scrolls
 e - 3 scrolls of identify {unknown}
 g - a scroll of torment {unknown}
 h - 3 scrolls of silence {unknown}
 i - a scroll of fog {unknown}
Potions
 f - 2 potions of flight {unknown}
 j - a potion of berserk rage {unknown}
 k - a potion of lignification {unknown}
 l - 2 potions of curing {unknown}


   Skills:
 + Level 2.7 Fighting
 + Level 0.8 Short Blades
 + Level 6.3 Bows
 + Level 1.9 Armour
 + Level 2.4 Dodging
 + Level 1.2 Stealth


You had 4 spell levels left.
You didn't know any spells.
Your spell library contained the following spells:

 Spells                   Type           Power      Damage    Failure   Level
 Magic Dart               Conj           0%         1d3       41%         1
 Shock                    Conj/Air       0%         1d3       41%         1
 Searing Ray              Conj           0%         3d3       54%         2
 Swiftness                Air            0%         N/A       78%         3
 Airstrike                Air            0%         N/A       99%         4
 Fulminant Prism          Conj/Hex       0%         3d6       99%         4


Dungeon Overview and Level Annotations

Branches:
Dungeon (4/15)
 Temple: D:4-7

Altars:
Trog

Shops:
D:2 !   D:3 =

Annotations:
D:4 1 runed translucent door, Crazy Yiuf


Innate Abilities, Weirdness & Mutations

You have a beak for a mouth.
You have claws for feet.
Your magical nature lets you fly swiftly and evasively.


Message History

Aim: an orc, wielding a +0 flail and wearing a +0 leather armour (almost dead, 64% to hit)
You shoot an arrow. The arrow hits the orc.
You kill the orc!
Fire: 6 arrows
Press: ? - help, Q - select action Shift-Dir - straight line, f - gnoll shaman
Aim: a gnoll shaman, wielding a +0 whip and wearing a +0 leather armour (68% to hit)
You shoot an arrow.
The arrow barely misses the gnoll shaman.
The arrow hits the gnoll.
The gnoll is severely wounded.
The gnoll shaman calls upon its god to heal the gnoll.
The gnoll is healed somewhat.
Fire: 5 arrows
Press: ? - help, Q - select action Shift-Dir - straight line, f/p - gnoll shaman
Aim: a gnoll shaman, wielding a +0 whip and wearing a +0 leather armour (68% to hit)
You shoot an arrow.
The arrow barely misses the gnoll shaman.
The arrow closely misses the gnoll.
The arrow hits the dart slug.
The dart slug is moderately wounded.
The gnoll hits you from afar with a +0 halberd.
* * * LOW HITPOINT WARNING * * *
The gnoll closely misses you. The gnoll shaman barely misses you.
Fire: 4 arrows
Press: ? - help, Q - select action Shift-Dir - straight line, f/p - gnoll shaman
Aim: a gnoll shaman, wielding a +0 whip and wearing a +0 leather armour (68% to hit)
You shoot an arrow. The arrow hits the gnoll shaman!
The gnoll shaman is heavily wounded.
The gnoll is no longer moving quickly.
The gnoll hits you from afar with a +0 halberd.
* * * LOW HITPOINT WARNING * * *
The gnoll shaman misses you.
Fire: 3 arrows
Press: ? - help, Q - select action Shift-Dir - straight line, f/p - gnoll shaman
Aim: a gnoll shaman, wielding a +0 whip and wearing a +0 leather armour (heavily wounded, 68% to hit)
You shoot an arrow.
The arrow closely misses the gnoll shaman.
The arrow barely misses the gnoll.
The arrow completely misses the dart slug.
The gnoll hits you from afar with a +0 halberd!
You die...

#.......<...#
####(.......#
#(#####..# #.. #.#
#..####.# #.#
#....##.# #w#
#.##.##.# #g#
#.##.##.# #g#
#.##.##.# #@#
#.##.##.#
#.#####.#####.......#
..............#####.#
#........####.# #.#
######.......# #.#
#.....#####.# #.#
#.##### #.#####.####
#.# #...........
######.# ####.######.


You could see a gnoll shaman, a gnoll and a dart slug.

Vanquished Creatures
  A hound (D:4)
  2 gnolls (D:4)
  4 adders
  4 worms
  2 orcs
  8 bats
  6 endoplasms
  2 giant cockroaches (D:2)
  5 goblins
  11 hobgoblins
  5 jackals
  2 kobolds (D:2)
  7 quokkas
  6 ball pythons
  2 frilled lizards
  2 rats (D:1)
69 creatures vanquished.

Vanquished Creatures (others)
  2 fungi (D:1)
  3 toadstools (D:1)
5 creatures vanquished.

Grand Total: 74 creatures vanquished

Notes
Turn   | Place    | Note
-------+----------+-------------------------------------------
     0 | D:1      | lordive the Tengu Hunter began the quest for the Orb.
     0 | D:1      | Reached XP level 1. HP: 12/12 MP: 2/2
    62 | D:1      | Reached XP level 2. HP: 17/17 MP: 3/3
   271 | D:1      | Reached skill level 5 in Bows
   679 | D:2      | Found Kuyttym's Distillery.
   683 | D:2      | Reached XP level 3. HP: 21/21 MP: 4/4
  1012 | D:2      | Found a faded altar of an unknown god.
  1066 | D:2      | Reached XP level 4. HP: 20/27 MP: 5/5
  1303 | D:2      | Bought a potion of degeneration for 11 gold pieces
  1882 | D:3      | Reached skill level 6 in Bows
  2369 | D:3      | Found a bloodstained altar of Trog.
  2676 | D:3      | Reached skill level 1 in Armour
  2822 | D:3      | Found Tabuuh's Jewellery Boutique.
  2987 | D:3      | Gained mutation: Your magical nature lets you fly swiftly
                  | and evasively. [Tengu growth]
  2987 | D:3      | Reached XP level 5. HP: 31/31 MP: 6/6
  3440 | D:4      | Found a runed translucent door.
  3441 | D:4      | Noticed Crazy Yiuf
  3535 | D:4      | Mangled by a gnoll

Illustrated notes

Levels and vault maps discovered:
D:1:      tarquinn_simple_flora_water_e, layout_loops_ring,
          minmay_gold_behind_fungi
D:2:      layout_rooms, serial_shops,
          nicolae_shop_temple_entry_statues_fountains,
          chequers_ecumenical_altar_twisty
D:3:      mumra_celtic_spiral_tile, layout_basic, bloody_trog, serial_shops,
          shop, minmay_misc_feat_enclosed, minivault_25
D:4:      lemuel_castle_with_subvaults [lemuel_castle_interior_carwin_3],
          layout_loops_ring, uniq_pikel, uniq_crazy_yiuf_cottage

Skill      XL: |  1  2  3  4 |
---------------+-------------+-----
Bows           | 5 6 |  6.3
Armour         | 1 |  1.9
Fighting       | |  2.7
Short Blades   | |  0.8
Dodging        | |  2.4
Stealth        | |  1.2

Action                   |  1- 3 |  4- 6 || total
-------------------------+-------+-------++-------
Melee: Short sword       |    11 |    40 ||    51
       Peck              |     4 |     7 ||    11
       Kick              |     2 |    14 ||    16
 Fire: Shortbow          |    71 |    77 ||   148
 Stab: Sleeping          |       |     1 ||     1
Armor: Leather armour    |     8 |    14 ||    22
Dodge: Dodged            |    26 |    48 ||    74
